 Dungeon Crawl Stone Soup version bcrawl-1.38.1 (webtiles) character file.

Game seed: 8619149606160099692

161689 Morbidden the Ducker (level 5, 48/48 HPs)
             Began as a Troll Archaeologist on Mar 30, 2023.
             Quit the game on level 3 of the Dungeon.
             The game lasted 00:03:35 (2085 turns).

Morbidden the Ducker (Troll Archaeologist)          Turns: 2085, Time: 00:03:35

Health: 48/48      AC:  7    Str: 19    XL:     5   Next: 13%
Magic:  5/5        EV: 10    Int: 12    God:
Gold:   212        SH:  0    Dex:  8    Spells: 6/6 levels left

rFire    . . .     GDR:     24% b - +9 staff of Olgreb {+Poison rPois}
rCold    . . .     SeeInvis .   (no shield)
rNeg     . . .     Gourm    +   (armour unavailable)
rPois    ∞         Faith    .   c - +1 hat
rElec    .         Spirit   .   (no cloak)
rCorr    .         Reflect  .   (gloves unavailable)
MR       .....                  (boots unavailable)
Stlth    ++........             (no amulet)
HPRegen  0.58/turn              n - ring of poison resistance
MPRegen  0.09/turn              (no ring)

@: no status effects
A: large, almost no armour, claws 3, fast metabolism 3, gourmand, regeneration
1, AC +6
a: no special abilities


You were on level 3 of the Dungeon.
You were completely stuffed.

You visited 1 branch of the dungeon, and saw 3 of its levels.

You collected 212 gold pieces.

Inventory:

Hand Weapons
 b - the +9 staff of Olgreb (weapon) {+Poison rPois}
   (You acquired it on level 3 of the Dungeon)

   It protects you from poison.
 f - a +0 blowgun
 r - a +0 hunting sling
Missiles
 a - 43 poisoned tomahawks (quivered)
 d - 6 curare-tipped needles
 t - 145 stones
 u - 74 poisoned needles
Armour
 c - a +1 hat (worn)
Jewellery
 n - a ring of poison resistance (left claw)
Scrolls
 g - 2 scrolls of magic mapping
 j - a scroll of fog {unknown}
 l - a scroll of enchant armour {unknown}
 p - 3 scrolls of remove curse {unknown}
 q - a scroll of fear {unknown}
 s - a scroll of amnesia {unknown}
Potions
 h - a potion of berserk rage {unknown}
 k - a potion of haste {unknown}
 m - a potion of agility {unknown}
 o - a potion of mutation {unknown}
Comestibles
 e - 3 rations {!d}
 i - 2 chunks of flesh


   Skills:
 * Level 1.2 Fighting
   Level 1.0 Maces & Flails
 * Level 1.2 Throwing
 * Level 3.0 Dodging
 + Level 2.0 Stealth
 * Level 2.4 Unarmed Combat
 * Level 1.0 Spellcasting
 * Level 0.5 Evocations


You had 6 spell levels left.
You didn't know any spells.
Your spell library was empty.

Dungeon Overview and Level Annotations

Branches:
Dungeon (3/12)

Altars:

Annotations:
D:3 3 runed translucent doors, foxfromabyss's ghost, amateur DgAc


Innate Abilities, Weirdness & Mutations

You cannot wear most types of armour.
Your thick skin is tough. (AC +6)
You are too large for most types of armour.
You have claws for hands.
Your metabolism is lightning-fast.
You like to eat raw meat.
Your natural rate of healing is unusually fast.


Message History

a +1 flail of crushing; a quokka skeleton; an orc skeleton
Things that are here:
a +1 flail of crushing; a quokka skeleton; an orc skeleton No target in view!
No target in view!
There is a stone staircase leading up here.
Some of the chunks of flesh in your inventory have rotted away.
u - 74 poisoned needles No target in view!
Key pressed, stopping explore.
No target in view!
There is an open door here.
Some of the chunks of flesh in your inventory have rotted away.
A dart slug comes into view.
A bat comes into view.
There are monsters nearby!
There are monsters nearby!
The bat hits you but does no damage.
There are monsters nearby!
Are you sure you want to abandon this character and quit the game? (Confirm with "yes".)

... #..# .
##.## #..#
##.# #.# #.##
..######..##
...........#
##.....@b..#
#.........#
#....w.....#
#..........#
#............
###########..#
..# .#


You could see a dart slug and a bat.

Vanquished Creatures
  An orc priest (D:3)
  3 adders
  An ooze (D:2)
  An adder skeleton (D:3)
  2 worms
  3 dart slugs
  5 leopard geckos
  6 orcs
  2 ball pythons (D:1)
  2 giant cockroaches
  8 goblins
  9 hobgoblins
  A kobold (D:2)
  4 quokkas
  3 bats
  4 frilled lizards
  4 rats
59 creatures vanquished.

Notes
Turn   | Place    | Note
-------+----------+-------------------------------------------
     0 | D:1      | Morbidden the Troll Archaeologist began the quest for the
                  | Orb.
     0 | D:1      | Reached XP level 1. HP: 18/18 MP: 0/0
   205 | D:1      | Reached XP level 2. HP: 26/26 MP: 1/1
   372 | D:1      | Reached skill level 1 in Fighting
   751 | D:1      | Reached XP level 3. HP: 33/33 MP: 2/2
  1103 | D:2      | Reached skill level 1 in Unarmed Combat
  1197 | D:2      | Reached skill level 3 in Dodging
  1432 | D:2      | Gained mutation: Your natural rate of healing is unusually
                  | fast. [Troll growth]
  1432 | D:2      | Reached XP level 4. HP: 41/41 MP: 3/3
  1688 | D:3      | Reached skill level 1 in Throwing
  1778 | D:3      | Reached XP level 5. HP: 26/48 MP: 5/5
  1778 | D:3      | Identified a scroll of acquirement
  1789 | D:3      | Identified the +9 hunting sling of Plague {speed, MR+
                  | Str+5} (You acquired it on level 3 of the Dungeon)
  1789 | D:3      | Identified the +1 cloak of the Dragon {rN+} (You acquired
                  | it on level 3 of the Dungeon)
  1789 | D:3      | Identified the ring of Greed {rElec rN+ Dex+6} (You
                  | acquired it on level 3 of the Dungeon)
  1790 | D:3      | Found the +9 staff of Olgreb {+Poison rPois}
  1884 | D:3      | Reached skill level 1 in Spellcasting
  1931 | D:3      | Noticed foxfromabyss's ghost (amateur DgAc)
  1934 | D:3      | Found a runed translucent gate.
  1934 | D:3      | Found a runed translucent gate.
  1934 | D:3      | Found a runed translucent gate.
  2085 | D:3      | Quit the game

Skill      XL: |  1  2  3  4  5 |
---------------+----------------+-----
Fighting       | 1 |  1.2
Unarmed Combat | 1 2 |  2.4
Dodging        | 3 |  3.0
Stealth        | 2 |  2.0
Throwing       | 1 |  1.2
Spellcasting   | 1 |  1.0
Maces & Flails | |  1.0
Evocations     | |  0.5

Action                   |  1- 3 |  4- 6 || total
-------------------------+-------+-------++-------
Melee: Unarmed           |   105 |    60 ||   165
       Punch             |       |     1 ||     1
       Staff             |       |    14 ||    14
Throw: Tomahawk          |     7 |       ||     7
Evoke: Staff of Olgreb   |       |     1 ||     1
  Use: Scroll            |     1 |     2 ||     3
 Stab: Sleeping          |     7 |       ||     7
  Eat: Chunk             |    17 |     6 ||    23
Armor: Skin              |    31 |    50 ||    81
Dodge: Dodged            |    51 |    54 ||   105
